 Dungeon Crawl Stone Soup version 0.32-a0-868-g153ae1a8d6 (webtiles) character file.

Game seed: 2192979945147826231

374 Xavori the Trooper (level 7, -9/52 HPs)
             Began as a Djinni Chaos Knight on Mar 28, 2024.
             Was a Plaything of Xom.
             Mangled by a deep troll (11 damage)
             ... on level 4 of the Dungeon.
             The game lasted 00:03:28 (6682 turns).

Xavori the Trooper (Djinni Chaos Knight)            Turns: 6682, Time: 00:03:29

Health: -9/52      AC:  5    Str: 11    XL:     7   Next: 3%
Gold:   195        EV: 11    Int: 13    God:    Xom [.*....] SH:  0 Dex: 15

rFire   + + .        a - +0 falchion (chaos)
rCold   x . .        (no shield)
rNeg    . . .        b - +2 leather armour
rPois   ∞            (helmet restricted)
rElec   +            (no cloak)
rCorr   .            (no gloves)
SInv    .            (boots unavailable)
Will    .....        m - amulet of faith
Stlth   +            (no ring)
HPRegen 1.08/turn    (no ring)
MPRegen 0.00/turn

%: clarity, faith, infuse magic (-10 HP)
@: about to teleport, flying
A: sickness immunity, fire resistance 2, cold vulnerability 1, float, innate
caster, HP casting, extra vitality 1, horns 1, clarity, regeneration 1,
electricity resistance
a: Renounce Religion


You were on level 4 of the Dungeon.
You worshipped Xom.
You were a plaything of Xom.
You visited 1 branch of the dungeon, and saw 4 of its levels.

You collected 195 gold pieces.

Inventory:

Hand Weapons
 a - a +0 falchion of chaos (weapon)
Armour
 b - a +2 leather armour (worn)
Jewellery
 m - an amulet of faith (around neck)
Scrolls
 c - a scroll of butterflies
 e - 2 scrolls of teleportation
 f - a scroll of fear {unknown}
 i - a scroll of immolation {unknown}
 n - a scroll of poison {unknown}
 o - a scroll of silence {unknown}
 p - a scroll of vulnerability {unknown}
 q - a scroll of summoning {unknown}
Potions
 d - a potion of curing {unknown}
 g - a potion of might {unknown}
 h - a potion of haste {unknown}
 j - a potion of berserk rage {unknown}
 k - 2 potions of resistance {unknown}
 l - 3 potions of lignification {unknown}


   Skills:
 + Level 4.0 Fighting
 + Level 3.6 Long Blades
 + Level 2.6 Armour
 + Level 3.5 Dodging
 * Level 2.8 Spellcasting
 * Level 2.8 Conjurations
 * Level 2.8 Hexes
 * Level 2.8 Summonings
 * Level 2.8 Necromancy
 * Level 2.8 Translocations
 * Level 2.8 Fire Magic
 * Level 2.8 Ice Magic
 * Level 2.8 Air Magic
 * Level 2.8 Earth Magic
 * Level 2.8 Alchemy


You knew the following spells:

 Your Spells              Type           Power      Damage    Failure   Level
a - Summon Small Mammal   Summ           36%        N/A       10%         1
b - Momentum Strike       Conj/Tloc      18%        3d8       14%         2
c - Vampiric Draining     Necr           9%         2d6       28%         3
Your spell library was empty.

Dungeon Overview and Level Annotations

Branches:
Dungeon (4/15)             Temple (0/1) D:4

Altars:
The Shining One


Innate Abilities, Weirdness & Mutations

You are immune to sickness and miasma.
You are immune to poison.
Your flesh is very heat resistant. (rF++)
You are vulnerable to cold. (rC-)
You float through the air rather than walking.
You learn spells naturally, not from books.
Your magical power is your life essence.
You have superior vitality. (+4 MHP)
You have a pair of small horns on your head.
You possess an exceptional clarity of mind.
Your natural rate of healing is unusually fast.
You are resistant to electric shocks. (rElec)


Message History

The orc barely misses you.
You hit the orc. You freeze the orc.
You kill the orc!
Items here: )) [ †.
Okay, then.
HP restored.
There is an open door here.
Things that are here:
a +0 club; a boomerang; an orc corpse You see here a quokka corpse.
Found a stone staircase leading up.
Found a scroll of amnesia.
You reach down and open the door.
Found a club.
There is an open door here.
A bombardier beetle comes into view.
A bombardier beetle is nearby!
A bombardier beetle is nearby! "This might be better!"
The bombardier beetle evaporates and reforms as a deep troll!
You are now a plaything of Xom.
You barely miss the deep troll. The deep troll bites you.
The deep troll claws you but does no damage.
The deep troll claws you!
You hit the deep troll but do no damage.
You drain the deep troll.
The deep troll is lightly wounded.
The deep troll bites you! The deep troll claws you.
The deep troll barely misses you. The deep troll bites you!
The deep troll claws you!
* * * LOW HITPOINT WARNING * * *
The deep troll barely misses you.
As you read the scroll of teleportation, it crumbles to dust.
You feel strangely unstable.
The deep troll bites you but does no damage.
The deep troll claws you!
* * * LOW HITPOINT WARNING * * *
The deep troll claws you!
You die...
Xom roars with laughter!

...............#....
.....#..........#....
..#...#)..)....#....
....#.†......).#.... .
.#...#..##.†)###...
..####..#..######)###...
....>............)......
.......T.......†........
.......@................
....?...................
B
........................
#...##.##....##....##...
### ####....##....#####
#.....#......# w
#.....#......#
#.....#......#
#.<...').....#


You could see a deep troll (drained).

Vanquished Creatures
  A scorpion (D:4)
  2 bombardier beetles (D:3)
  A sleepcap (D:4)
  Jessica (D:2)
  An iguana (D:4)
  An orc wizard (D:4)
  A gnoll (D:1)
  3 adders
  4 ribbon worms
  4 dart slugs
  12 orcs (D:4)
  9 ball pythons
  3 bats
  8 endoplasms
  4 giant cockroaches
  4 goblins
  3 hobgoblins
  5 kobolds
  2 quokkas
  A frilled lizard (shapeshifter) (D:1)
  5 frilled lizards
  6 rats
81 creatures vanquished.

Notes
Turn   | Place    | Note
-------+----------+-------------------------------------------
     0 | D:1      | Xavori the Djinni Chaos Knight began the quest for the Orb.
     0 | D:1      | Reached XP level 1. HP: 20/20 MP: 0/0
    53 | D:1      | XOM: divination: magic mapping
   108 | D:1      | Found a faded altar of an unknown god.
   160 | D:1      | Reached XP level 2. HP: 22/25 MP: 0/0
   373 | D:1      | a giant cockroach changed into a glowing shapeshifter
   373 | D:1      | Noticed a glowing shapeshifter (glowing shapeshifter)
   373 | D:1      | XOM: polymorph giant cockroach -> glowing shapeshifter
   373 | D:1      | a glowing shapeshifter changed into a frilled lizard
   381 | D:1      | XOM: noise
   571 | D:1      | Reached skill level 1 in Spellcasting
   571 | D:1      | Reached skill level 1 in Conjurations
   571 | D:1      | Reached skill level 1 in Hexes
   571 | D:1      | Reached skill level 1 in Summonings
   571 | D:1      | Reached skill level 1 in Necromancy
   571 | D:1      | Reached skill level 1 in Translocations
   571 | D:1      | Reached skill level 1 in Fire Magic
   571 | D:1      | Reached skill level 1 in Ice Magic
   571 | D:1      | Reached skill level 1 in Air Magic
   571 | D:1      | Reached skill level 1 in Earth Magic
   571 | D:1      | Reached skill level 1 in Alchemy
   571 | D:1      | Reached XP level 3. HP: 30/30 MP: 0/0
   571 | D:1      | Learned a level 1 spell: Summon Small Mammal
  2485 | D:1      | XOM: silly message
  2494 | D:1      | XOM: silly message
  2901 | D:1      | XOM: silly message
  3812 | D:1      | XOM is BORED!
  4386 | D:1      | XOM: give mutations
  4386 | D:1      | Gained mutation: You are resistant to electric shocks.
                  | (rElec) [Xom's mischief]
  4409 | D:1      | XOM: summons 2 hostile demons
  4704 | D:1      | XOM: give mutations
  4704 | D:1      | Gained mutation: You have a pair of small horns on your
                  | head. [Xom's grace]
  4704 | D:1      | Gained mutation: Your natural rate of healing is unusually
                  | fast. [Xom's grace]
  4704 | D:1      | Gained mutation: You possess an exceptional clarity of
                  | mind. [Xom's grace]
  5057 | D:2      | You are sucked into a shaft and drop 1 floor!
  5079 | D:3      | XOM: god gift: brown potion {god gift}
  5113 | D:3      | Reached XP level 4. HP: 35/35 MP: 0/0
  5149 | D:3      | XOM: god gift: 42 gold pieces
  5254 | D:2      | Noticed Jessica
  5263 | D:2      | Killed Jessica
  5264 | D:2      | Reached XP level 5. HP: 40/40 MP: 0/0
  5264 | D:2      | Learned a level 2 spell: Momentum Strike
  5664 | D:3      | XOM: smoke on damage
  6439 | D:4      | Reached XP level 6. HP: 47/47 MP: 0/0
  6449 | D:4      | XOM: god gift: staff of air
  6454 | D:4      | Found a glowing golden altar of the Shining One.
  6458 | D:4      | XOM: noise
  6485 | D:4      | Found a staircase to the Ecumenical Temple.
  6486 | D:4      | XOM: smoke on damage
  6523 | D:4      | XOM: potion effect (curing)
  6583 | D:4      | XOM: noise
  6599 | D:4      | XOM: divination: detect creatures
  6615 | D:4      | XOM: chaos upgrade
  6620 | D:4      | Reached XP level 7. HP: 26/51 MP: 0/0
  6620 | D:4      | Learned a level 3 spell: Vampiric Draining
  6633 | D:4      | Reached skill level 4 in Fighting
  6678 | D:4      | a bombardier beetle changed into a deep troll
  6678 | D:4      | Noticed a deep troll
  6678 | D:4      | XOM: polymorph bombardier beetle -> deep troll
  6682 | D:4      | HP: 2/52 [deep troll (8)]
  6682 | D:4      | Mangled by a deep troll

Illustrated notes

Levels and vault maps discovered:
D:1:      sevenhm_arrival_forest_fort_large_2, layout_basic,
          dilly_ecumenical_altar_fadedgnrine, supply_closet_lemuel
D:2:      layout_basic, serial_bayou_crossing, uniq_jessica
D:3:      layout_basic
D:4:      layout_gridville, nicolae_tso_carved_into_rock,
          minmay_temple_entry_statues_pillars, hex_tiny, nicolae_custom_books

Skill      XL: |  1  2  3  4  5  6  7 |
---------------+----------------------+-----
Spellcasting   | 1 2 |  2.8
Conjurations   | 1 2 |  2.8
Hexes          | 1 2 |  2.8
Summonings     | 1 2 |  2.8
Necromancy     | 1 2 |  2.8
Translocations | 1 2 |  2.8
Fire Magic     | 1 2 |  2.8
Ice Magic      | 1 2 |  2.8
Air Magic      | 1 2 |  2.8
Earth Magic    | 1 2 |  2.8
Alchemy        | 1 2 |  2.8
Long Blades    | 3 |  3.6
Armour         | 2 |  2.6
Dodging        | 3 |  3.5
Fighting       | 4 |  4.0

Action                     |  1- 3 |  4- 6 |  7- 9 || total
---------------------------+-------+-------+-------++-------
  Melee: Falchion          |    66 |   143 |    17 ||   226
         Headbutt          |     2 |    22 |     6 ||    30
    Use: Scroll            |     1 |     1 |     1 ||     3
   Stab: Sleeping          |     1 |     2 |       ||     3
         Paralysed         |     1 |       |       ||     1
         Distracted        |       |     1 |       ||     1
 Armour: Leather armour    |    33 |   107 |    22 ||   162
  Dodge: Dodged            |    35 |    99 |    19 ||   153

Table legend: (Time is in decaauts)
 A = Elapsed time spent in this place.
 B = Non-inter-level travel time spent in this place.
 C = Inter-level travel time spent in this place.
 D = Time resting spent in this place.
 E = Time spent auto-exploring this place.
 F = Levels seen in this place.
 G = Mean time per level.
                   A        B        C        D        E       F      G
               +--------+--------+--------+--------+--------+-----+--------+
         Total |   6715 |   6563 |    152 |   3872 |   2138 |   4 | 1678.8 |
       Dungeon |   6715 |   6563 |    152 |   3872 |   2138 |   4 | 1678.8 |
               +--------+--------+--------+--------+--------+-----+--------+

Top non-repeatable levels by time:
     D:1: 4698 daAuts
     D:3: 878 daAuts
     D:2: 827 daAuts
     D:4: 311 daAuts
